 Dungeon Crawl Stone Soup version 0.25-a0-549-g6e6e6501ad (webtiles) character file.

39 Archison the Bolt Thrower (level 3, -2/29 HPs)
             Began as a Centaur Hunter on Oct 15, 2015.
             Slain by an adder (4 damage)
             ... on level 2 of the Dungeon on July 6, 2020.
             The game lasted 00:04:58 (551 turns).

Archison the Bolt Thrower (Centaur Hunter)           Turns: 551, Time: 00:04:58

Health: -2/29      AC:  5    Str: 15    XL:     3   Next: 26%
Magic:  3/3        EV:  9    Int: 10    God:
Gold:   56         SH:  0    Dex:  9    Spells: 2/2 levels left

rFire    . . .     SeeInvis .   c - +0 short sword
rCold    . . .     Gourm    .   (no shield)
rNeg     . . .     Faith    .   d - +0 leather armour
rPois    .         Spirit   .   n - +0 helmet
rElec    .         Reflect  .   (no cloak)
rCorr    .         Harm     .   (no gloves)
MR       .....                  (no barding)
Stlth    +.........             (no amulet)
HPRegen  0.09/turn              (no ring)
MPRegen  0.08/turn              (no ring)

@: very quick
A: large, hooves 3, deformed body, speed 2, tough skin 3
a: no special abilities


You were on level 2 of the Dungeon.
You were not hungry.

You visited 1 branch of the dungeon, and saw 2 of its levels.

You collected 56 gold pieces.

Inventory:

Hand Weapons
 a - a +1 hand crossbow
 c - a +0 short sword (weapon)
Missiles
 b - 16 bolts
Armour
 d - a +0 leather armour (worn)
 n - a +0 helmet (worn)
Scrolls
 g - 4 scrolls of identify {unknown}
 j - 2 scrolls of teleportation {unknown}
 m - a scroll of fear {unknown}
 o - a scroll of fog {unknown}
Potions
 h - a potion of degeneration {unknown}
 i - a potion of might {unknown}
 k - a potion of curing
Comestibles
 e - 3 rations
 f - a ration
 l - 8 chunks of flesh


   Skills:
 + Level 2.0 Fighting
 + Level 5.4 Crossbows
 + Level 0.2 Armour
 + Level 1.5 Dodging
 + Level 0.4 Stealth


You had 2 spell levels left.
You didn't know any spells.
Your spell library was empty.

Dungeon Overview and Level Annotations

Branches:
Dungeon (2/15)

Altars:


Innate Abilities, Weirdness & Mutations

You have hooves in place of feet.
Armour fits poorly on your strangely shaped body.
You cover ground very quickly.
You have extremely tough skin. (AC +3)


Message History

You feel sick.
You continue putting on your helmet. x3
You finish putting on your +0 helmet.
You feel sick.
Found 14 arrows.
You feel sick.
You are no longer poisoned.
Found a stone staircase leading up.
An adder comes into view.
The adder hisses angrily.
You see here a ration.
The adder barely misses you.
You closely miss the adder. The adder bites you.
* * * LOW HITPOINT WARNING * * *
The adder closely misses you.
You closely miss the adder. The adder closely misses you.
You closely miss the adder. You kick the adder.
The adder is heavily wounded.
The adder bites you.
You die...

<รท..#.####..###
#.#...........
#.#.#.####..#
#...........#
......#.....########
###.#...#...........
#.##.#####.######
#.##.# #...####
..##.#....#..%@#
####.#.##...##S# #.#
##<###.# #.# #. #.#
#.# #. #.# .(# #.
... #. ... ...


You could see an adder.

Vanquished Creatures
  An adder (D:2)
  2 leopard geckos (D:1)
  2 bats (D:1)
  3 giant cockroaches (D:1)
  4 hobgoblins
  A jackal (D:1)
  A frilled lizard (D:1)
  2 goblins (D:1)
  7 kobolds
  3 rats (D:1)
26 creatures vanquished.

Notes
Turn   | Place    | Note
-------+----------+-------------------------------------------
     0 | D:1      | Archison the Centaur Hunter began the quest for the Orb.
     0 | D:1      | Reached XP level 1. HP: 17/17 MP: 1/1
    89 | D:1      | Reached XP level 2. HP: 24/24 MP: 2/2
    91 | D:1      | Reached skill level 5 in Crossbows
   502 | D:1      | Reached XP level 3. HP: 8/29 MP: 3/3
   551 | D:2      | Slain by an adder

Levels and vault maps discovered:
D:1:      matt_arrival_grand_opening
D:2:      layout_loops_ring, lemuel_coloured_pillars_altar, serial_bayou_pond_e

Skill      XL: |  1  2 |
---------------+-------+-----
Crossbows      | 5 |  5.4
Fighting       | |  2.0
Armour         | |  0.2
Dodging        | |  1.5
Stealth        | |  0.4

Action                   || total
-------------------------++-------
Melee: Short sword       ||    39
       Kick              ||     8
 Fire: Hand crossbow     ||    39
       Hand crossbow     ||     3
  Use: Potion            ||     2
Armor: Leather armour    ||    27
Dodge: Dodged            ||    37

Table legend:
 A = Non-vault XP
 B = Vault XP
 C = Vault XP percentage of total XP
 D = Non-vault monster count
 E = Vault monster count
 F = Vault count percentage of total count
                 A         B        C        D         E       F
            +---------+---------+-------+---------+---------+-------
      Total |      19 |       0 |   0.0 |       5 |       0 |   0.0
            +---------+---------+-------+---------+---------+-------
        D:1 |       3 |       0 |   0.0 |       2 |       0 |   0.0
        D:2 |      16 |       0 |   0.0 |       3 |       0 |   0.0
            +---------+---------+-------+---------+---------+-------
